 Dungeon Crawl Stone Soup version 0.21-a0-352-g5b8f553 (webtiles) character file.

807 Hasart the Chucker (level 7, -4/75 HPs)
             Began as an Ogre Hunter on Oct 11, 2017.
             Was an Initiate of Gozag.
             Killed by divine providence
             ... invoked by an orc priest
              (12 damage)
             ... on level 4 of the Dungeon.
             The game lasted 00:08:03 (4071 turns).

Hasart the Chucker (Ogre Hunter)                    Turns: 4071, Time: 00:08:05

Health: -4/75      AC:  4    Str: 19    XL:     7   Next: 92%
Magic:  7/7        EV:  9    Int: 12    God:    Gozag
Gold:   211        SH:  0    Dex:  9    Spells: 6/6 levels left

rFire    . . .     SeeInvis .   B - +0 giant spiked club
rCold    . . .     Gourm    .   (shield currently unavailable)
rNeg     . . .     Faith    .   b - +0 robe
rPois    .         Spirit   .   (helmet restricted)
rElec    .         Reflect  .   (no cloak)
rCorr    .         Harm     .   (gloves unavailable)
MR       .....                  (boots unavailable)
Stlth    +.........             (no amulet)
HPRegen  0.22/turn              q - +1 ring of protection
MPRegen  0.10/turn              (no ring)

@: gold aura, heavily drained
A: unfitting armour, tough skin 1
a: Potion Petition, Call Merchant, Bribe Branch, Renounce Religion


You were on level 4 of the Dungeon.
You worshipped Gozag.
Gozag was aware of your devotion.
You were not hungry.

You visited 1 branch of the dungeon, and saw 4 of its levels.

You collected 294 gold pieces.
You paid 83 gold pieces to Gozag.

Inventory:

Hand Weapons
 n - a +1 war axe of chopping
 B - a +0 giant spiked club (weapon)
Missiles
 d - 3 throwing nets (quivered)
Armour
 b - a +0 robe (worn)
Jewellery
 q - a +1 ring of protection (left hand)
Scrolls
 a - 5 scrolls of fear {unknown}
 j - a scroll of blinking {unknown}
 k - 2 scrolls of recharging {unknown}
 l - a scroll of enchant weapon {unknown}
 m - 2 scrolls of amnesia {unknown}
 o - a scroll of magic mapping {unknown}
 r - 3 scrolls of identify {unknown}
 u - a scroll of random uselessness {unknown}
 y - a scroll of teleportation {unknown}
 z - a scroll of remove curse {unknown}
 A - a scroll of fog {unknown}
Potions
 c - a potion of ambrosia {unknown}
 g - a potion of haste {unknown}
 i - a potion of resistance
 p - a potion of lignification
 s - 2 potions of cancellation {unknown}
 t - a potion of curing {unknown}
Comestibles
 f - 4 bread rations
 h - 7 fruits
 x - a royal jelly


   Skills:
 + Level 6.1(3.8) Fighting
 - Level 3.5(1.6) Axes
 + Level 0.4(0.0) Maces & Flails
   Level 1.1(0.5) Polearms
 * Level 7.3(5.0) Throwing
 - Level 1.7(0.0) Dodging
 - Level 0.6(0.0) Stealth


You had 6 spell levels left.
You didn't know any spells.

Dungeon Overview and Level Annotations

Branches:
Dungeon (4/15)
 Temple: D:4-7

Altars:
Ashenzari
Fedhas
Gozag
Makhleb
Nemelex Xobeh
Zin

Annotations:
D:3 2 transporters


Innate Abilities, Weirdness & Mutations

You are too large for most types of armour.
You have tough skin. (AC +1)


Message History

The orc priest is heavily wounded.
The orc priest closely misses you.
You closely miss the orc priest.
The orc priest is heavily wounded.
The orc priest calls down the wrath of Beogh upon you.
Pain shoots through your body!
* * * LOW HITPOINT WARNING * * *
The orc priest calls down the wrath of Beogh upon you.
Beogh smites you!
* * * LOW HITPOINT WARNING * * *
Throwing (i - inventory):
d - 4 throwing nets (quivered)
Press: ? - help, Shift-Dir - straight line, f - orc priest
Aim: an orc priest, wielding a mace of draining (heavily wounded)
You throw a throwing net. The throwing net hits the orc priest.
The orc priest is caught in the net!
The orc priest is heavily wounded.
The orc priest mumbles some strange prayers to Beogh against you.
Beogh smites you!
You die...
Your body crumbles into a pile of gold.

#########.#)....######
.(.....)....##..##...
#########...##..##.######
##..##..#....... .
#..##..).)...#..#
#..##.........#[#
#.p##...........#
##$##.#.)##.)...#
#.....@.# #####
......[o## ##.##.##. #.
#. .# $ # #. .# # .# $ ..
.#


You could see an orc priest (caught).

Vanquished Creatures
  Pikel (D:4)
  An ogre (D:4)
  Crazy Yiuf (D:3)
  An orc priest (D:4)
  A centaur skeleton (D:4)
  An orc wizard (D:4)
  3 gnolls (D:2)
  4 adders
  6 worms (D:2)
  2 dart slugs
  3 leopard geckos
  6 orcs
  5 bats
  A giant cockroach (D:3)
  5 goblins
  7 hobgoblins
  4 jackals (D:2)
  2 ball pythons
  5 frilled lizards
  A jackal skeleton (D:4)
  6 kobolds
  4 rats
70 creatures vanquished.

Vanquished Creatures (others)
  2 slaves (D:4)
  An orc wizard (D:4)
  2 iguanas (D:4)
  A worker ant (D:4)
  2 orcs (D:4)
8 creatures vanquished.

Grand Total: 78 creatures vanquished

Notes
Turn   | Place    | Note
-------+----------+-------------------------------------------
     0 | D:1      | Hasart the Ogre Hunter began the quest for the Orb.
     0 | D:1      | Reached XP level 1. HP: 22/22 MP: 1/1
   307 | D:1      | Reached XP level 2. HP: 27/29 MP: 2/2
   659 | D:2      | Found a burning altar of Makhleb.
   662 | D:2      | Found a glowing silver altar of Zin.
   662 | D:2      | Noticed an angel
   663 | D:2      | Noticed an Executioner
   859 | D:2      | Reached skill level 1 in Polearms
   859 | D:2      | Reached XP level 3. HP: 36/37 MP: 3/3
  1610 | D:2      | Reached XP level 4. HP: 36/45 MP: 4/4
  1704 | D:2      | Reached skill level 1 in Axes
  1704 | D:2      | Reached skill level 5 in Throwing
  2209 | D:3      | Found a transporter.
  2219 | D:3      | Found a blossoming altar of Fedhas.
  2219 | D:3      | Found a transporter.
  2220 | D:3      | Noticed a hungry ghost
  2316 | D:3      | Found a runed door.
  2350 | D:3      | Noticed Crazy Yiuf
  2352 | D:3      | Killed Crazy Yiuf
  2352 | D:3      | Reached XP level 5. HP: 54/54 MP: 5/5
  3222 | D:3      | Found an opulent altar of Gozag.
  3222 | D:3      | Found a sparkling altar of Nemelex Xobeh.
  3238 | D:3      | Became a worshipper of Gozag Ym Sagoz the Greedy
  3340 | D:3      | Found a shattered altar of Ashenzari.
  3642 | D:4      | Noticed a slave
  3643 | D:4      | Noticed a slave
  3644 | D:4      | Noticed a slave
  3646 | D:4      | Noticed Pikel
  3646 | D:4      | Noticed a slave
  3653 | D:4      | HP: 2/55 [slave[Pikel] (6)]
  3654 | D:4      | Killed Pikel
  3654 | D:4      | Reached skill level 5 in Fighting
  3654 | D:4      | Reached skill level 7 in Throwing
  3654 | D:4      | Reached XP level 6. HP: 3/67 MP: 6/6
  3654 | D:4      | Reached XP level 7. HP: 3/74 MP: 7/7
  4071 | D:4      | Killed from afar by an orc priest

Vault maps used:
D:1:      shiori_shiawase
D:2:      grunt_temple_overflow_order_and_chaos_2, first_bread
D:3:      grunt_temple_overflow_opulence, gammafunk_temple_overflow_arena,
          ashenzari_altar_1, uniq_crazy_yiuf_cottage
D:4:      lemuel_crystal_altar, amethyst_overflow_temple_binary, uniq_pikel

Skill      XL: |  1  2  3  4  5  6  7 |
---------------+----------------------+-----
Fighting       | 3 4 5 6 |  6.1
Polearms       | 1 |  1.1
Axes           | 1 3 |  3.5
Throwing       | 5 7 |  7.3
Maces & Flails | |  0.4
Dodging        | |  1.7
Stealth        | |  0.6

Action                   |  1- 3 |  4- 6 |  7- 9 || total
-------------------------+-------+-------+-------++-------
Melee: Spear             |    73 |       |       ||    73
       Short sword       |     5 |       |       ||     5
       War axe           |     6 |   109 |     6 ||   121
       Giant spiked club |       |       |    27 ||    27
Throw: Large rock        |    16 |    12 |     2 ||    30
       Throwing net      |       |     2 |     1 ||     3
  Use: Potion            |       |       |     2 ||     2
 Stab: Sleeping          |     1 |     1 |       ||     2
  Eat: Chunk             |     2 |     6 |       ||     8
       Meat ration       |       |       |     1 ||     1
Armor: Robe              |    22 |    49 |     4 ||    75
       Skin              |       |       |    20 ||    20
Dodge: Dodged            |    45 |    86 |     6 ||   137

Table legend:
 A = Spawn XP
 B = Non-spawn XP
 C = Spawn XP percentage of total XP
 D = Spawn monster count
 E = Non-spawn monster count
 F = Spawn count percentage of total count
 G = Total turns spent on level
                    A         B        C        D         E        F      G
               +---------+---------+-------+---------+---------+-------+---------
         Total |       0 |    1154 |   0.0 |       0 |      70 |   0.0 |  4071
               +---------+---------+-------+---------+---------+-------+---------
           D:1 |       0 |      14 |   0.0 |       0 |       9 |   0.0 |   531
           D:2 |       0 |     111 |   0.0 |       0 |      23 |   0.0 |  1610
           D:3 |       0 |     134 |   0.0 |       0 |      29 |   0.0 |  1420
           D:4 |       0 |     895 |   0.0 |       0 |       9 |   0.0 |   510
               +---------+---------+-------+---------+---------+-------+---------
